EVO
OKLAHOMA STATE UNIVERSITY COWBOYS @ PENNSYLVANIA STATE UNIVERSITY NITTANY LIONS
11/17/2045
 
TOP OF THE 1ST
Oregon State University Beavers batting - Pitching for Stanford University Cardinal : RHP Craig Daniel
Pitching: RHP Craig Daniel
Batting: RHB Chris Folse 0-0: Called Strike
0-1: Ground out 6-3 (Groundball, 56, EV 86.3 MPH)
Batting: RHB Chris Norris 0-0: Called Strike
0-1: Called Strike
0-2: Ball
1-2: Ball
2-2: Strikes out swinging
Batting: RHB Puluke Konane 0-0: Called Strike
0-1: SINGLE (Line Drive, 7LS, EV 100.0 MPH)
Batting: RHB Melvin Gomez 0-0: Ball
1-0: Fly out, F9 (Flyball, 89M, EV 83.1 MPH)
Top of the 1st over - 0 runs, 1 hit, 0 errors, 1 left on base; Oregon State University 0 - Stanford University 0
BOTTOM OF THE 1ST
Stanford University Cardinal batting - Pitching for Oregon State University Beavers : RHP Ruben Valle
Pitching: RHP Ruben Valle
Batting: SHB Ryan Doss 0-0: Called Strike
0-1: Ball
1-1: Ball
2-1: Swinging Strike
2-2: Strikes out swinging
Batting: RHB Bill Moldenhauer 0-0: Called Strike
0-1: Ball
1-1: Called Strike
1-2: Strikes out swinging
Batting: RHB Zack DiCicco 0-0: Foul Ball, location: 2F
0-1: Swinging Strike
0-2: Ball
1-2: Ball
2-2: Fly out, F9 (Flyball, 9LD, EV 97.5 MPH)
Bottom of the 1st over - 0 runs, 0 hits, 0 errors, 0 left on base; Oregon State University 0 - Stanford University 0
TOP OF THE 2ND
Oregon State University Beavers batting - Pitching for Stanford University Cardinal : RHP Craig Daniel
Batting: RHB Simon Leiker 0-0: Ground out 6-3 (Groundball, 6, EV 87.5 MPH)
Batting: RHB Nick Cummings 0-0: Ball
1-0: SINGLE (Line Drive, 3D, EV 95.6 MPH)
Batting: RHB Gerardo Mesa 0-0: Ball
1-0: Swinging Strike
1-1: Fly out, F9 (Flyball, 89D, EV 103.8 MPH)
Batting: LHB Aaron Mobley 0-0: Swinging Strike
0-1: Ball
Pickoff Throw to First - Out! 1-3
Top of the 2nd over - 0 runs, 1 hit, 0 errors, 0 left on base; Oregon State University 0 - Stanford University 0
BOTTOM OF THE 2ND
Stanford University Cardinal batting - Pitching for Oregon State University Beavers : RHP Ruben Valle
Batting: LHB Tom Raupp 0-0: Called Strike
0-1: Foul Ball, location: 2F
0-2: Ball
1-2: Ball
2-2: Fly out, F8 (Flyball, 8LXD, EV 92.5 MPH)
Batting: RHB Federico Naranjo 0-0: Ball
1-0: Ground out 3-1 (Groundball, 13, EV 90.6 MPH)
Batting: RHB Bruce Ayotte 0-0: Ground out 2-3 (Groundball, 15S, EV 65.6 MPH)
Bottom of the 2nd over - 0 runs, 0 hits, 0 errors, 0 left on base; Oregon State University 0 - Stanford University 0
TOP OF THE 3RD
Oregon State University Beavers batting - Pitching for Stanford University Cardinal : RHP Craig Daniel
Batting: LHB Aaron Mobley 0-0: Called Strike
0-1: Ball
1-1: Ball
2-1: Foul Ball, location: 2F
2-2: Ball
3-2: Foul Ball, location: 2F
3-2: Base on Balls
Batting: RHB Ruben Valle 0-0: Ball
1-0: Bunt - Flyout to 15S! F1
Batting: RHB Chris Folse 0-0: Foul Ball, location: 2F
0-1: Ball
1-1: SINGLE (Flyball, 3D, EV 100.0 MPH)
Aaron Mobley to second
Batting: RHB Chris Norris 0-0: Called Strike
0-1: Ball
1-1: Swinging Strike
1-2: Ball
2-2: SINGLE (Groundball, 34D, EV 103.1 MPH)
Aaron Mobley to third
Chris Folse to second
Batting: RHB Puluke Konane 0-0: Ball
1-0: Fielders Choice at 2nd, 3-6 (Groundball, 3, EV 81.9 MPH)
Aaron Mobley scores
Chris Folse to third
Batting: RHB Melvin Gomez 0-0: Ball
1-0: Foul Ball, location: 2F
1-1: Ball
2-1: Ball
3-1: Fly out, F4 (Line Drive, 4, EV 68.1 MPH)
Top of the 3rd over - 1 run, 2 hits, 0 errors, 2 left on base; Oregon State University 1 - Stanford University 0
BOTTOM OF THE 3RD
Stanford University Cardinal batting - Pitching for Oregon State University Beavers : RHP Ruben Valle
Batting: SHB Jarrod Lindblad 0-0: Swinging Strike
0-1: SINGLE (Line Drive, 9S, EV 100.6 MPH)
Batting: RHB Matt McDevitt 0-0: Ball
1-0: Called Strike
1-1: Grounds into double play, 4-6-3 (Groundball, 4S, EV 88.1 MPH)
Batting: RHB Craig Daniel 0-0: Ball
1-0: Swinging Strike
1-1: Swinging Strike
1-2: Strikes out swinging
Bottom of the 3rd over - 0 runs, 1 hit, 0 errors, 0 left on base; Oregon State University 1 - Stanford University 0
TOP OF THE 4TH
Oregon State University Beavers batting - Pitching for Stanford University Cardinal : RHP Craig Daniel
Batting: RHB Simon Leiker 0-0: Swinging Strike
0-1: Ball
1-1: Swinging Strike
1-2: Strikes out swinging
Batting: RHB Nick Cummings 0-0: Called Strike
0-1: Foul Ball, location: 2F
0-2: Strikes out swinging
Batting: RHB Gerardo Mesa 0-0: Swinging Strike
0-1: Ball
1-1: Ball
2-1: Foul Ball, location: 2F
2-2: Ball
3-2: Strikes out swinging
Top of the 4th over - 0 runs, 0 hits, 0 errors, 0 left on base; Oregon State University 1 - Stanford University 0
BOTTOM OF THE 4TH
Stanford University Cardinal batting - Pitching for Oregon State University Beavers : RHP Ruben Valle
Batting: SHB Ryan Doss 0-0: Ball
1-0: Ball
2-0: Called Strike
2-1: Swinging Strike
2-2: Ball
3-2: Base on Balls
Batting: RHB Bill Moldenhauer 0-0: Ball
1-0: Ball
2-0: Fly out, F5 (Popup, 56S, EV 86.3 MPH)
Batting: RHB Zack DiCicco 0-0: Ball
Ryan Doss steals 2nd base
1-0: Called Strike
1-1: Foul Ball, location: 2F
1-2: Foul Ball, location: 2F
1-2: Foul Ball, location: 2F
1-2: Strikes out swinging
Batting: LHB Tom Raupp 0-0: Ball
1-0: Foul Ball, location: 2F
1-1: Ball
2-1: Called Strike
2-2: Strikes out swinging
Bottom of the 4th over - 0 runs, 0 hits, 0 errors, 1 left on base; Oregon State University 1 - Stanford University 0
TOP OF THE 5TH
Oregon State University Beavers batting - Pitching for Stanford University Cardinal : RHP Craig Daniel
Pitching: RHP Danny Harvey
Batting: LHB Aaron Mobley 0-0: Ball
1-0: Ball
2-0: Ball
3-0: Base on Balls
Pinch Hitting: RHB Nick Tiernan 0-0: Ball
1-0: Ball
2-0: Ball
3-0: Called Strike
3-1: SINGLE (Line Drive, 9S, EV 98.1 MPH)
Aaron Mobley to second
Batting: RHB Chris Folse 0-0: Ball
1-0: 3-RUN HOME RUN (Flyball, 7LD, EV 94.4 MPH), Distance : 384 ft
Pitching: LHP Alan George
Batting: RHB Chris Norris 0-0: Reached on error, E3 (Groundball, 34, EV 101.3 MPH)
Batting: RHB Puluke Konane 0-0: Swinging Strike
0-1: Grounds into double play, 5-4-3 (Groundball, 56, EV 86.9 MPH)
Batting: RHB Melvin Gomez 0-0: Swinging Strike
0-1: Ball
1-1: Ball
2-1: Ground out 4-3 (Groundball, 4S, EV 81.9 MPH)
Top of the 5th over - 3 runs, 2 hits, 1 error, 0 left on base; Oregon State University 4 - Stanford University 0
BOTTOM OF THE 5TH
Stanford University Cardinal batting - Pitching for Oregon State University Beavers : RHP Ruben Valle
Pitching: RHP Jonathan Rosales
Batting: RHB Federico Naranjo 0-0: Ball
1-0: Ball
2-0: Called Strike
2-1: Foul Ball, location: 2F
2-2: Strikes out swinging
Batting: RHB Bruce Ayotte 0-0: Called Strike
0-1: Ball
1-1: Swinging Strike
1-2: Ground out 3-1 (Groundball, 34, EV 91.3 MPH)
Batting: SHB Jarrod Lindblad 0-0: Ball
1-0: Ball
2-0: Ball
3-0: Called Strike
3-1: Fly out, F7 (Flyball, 7D, EV 79.4 MPH)
Bottom of the 5th over - 0 runs, 0 hits, 0 errors, 0 left on base; Oregon State University 4 - Stanford University 0
TOP OF THE 6TH
Oregon State University Beavers batting - Pitching for Stanford University Cardinal : LHP Alan George
Batting: RHB Simon Leiker 0-0: Ball
1-0: Called Strike
1-1: Ball
2-1: Called Strike
2-2: Fly out, F9 (Flyball, 89D, EV 83.1 MPH)
Batting: RHB Nick Cummings 0-0: Ball
1-0: Called Strike
1-1: Ball
2-1: Foul Ball, location: 2F
2-2: Strikes out swinging
Batting: RHB Gerardo Mesa 0-0: Foul Ball, location: 2F
0-1: Fly out, F9 (Flyball, 89XD, EV 104.4 MPH)
Top of the 6th over - 0 runs, 0 hits, 0 errors, 0 left on base; Oregon State University 4 - Stanford University 0
BOTTOM OF THE 6TH
Stanford University Cardinal batting - Pitching for Oregon State University Beavers : RHP Jonathan Rosales
Batting: RHB Matt McDevitt 0-0: Ball
1-0: Called Strike
1-1: Ball
2-1: Fly out, F3 (Popup, 3SF, EV 78.8 MPH)
Batting: LHB Alan George 0-0: Ball
1-0: Ball
2-0: Fly out, F7 (Flyball, 7S, EV 88.8 MPH)
Batting: SHB Ryan Doss 0-0: Ball
1-0: Ball
2-0: Ball
3-0: Called Strike
3-1: Foul Ball, location: 2F
3-2: Fly out, F9 (Line Drive, 9, EV 91.9 MPH)
Bottom of the 6th over - 0 runs, 0 hits, 0 errors, 0 left on base; Oregon State University 4 - Stanford University 0
TOP OF THE 7TH
Oregon State University Beavers batting - Pitching for Stanford University Cardinal : LHP Alan George
Batting: LHB Aaron Mobley 0-0: Called Strike
0-1: Ball
1-1: Called Strike
1-2: Ball
2-2: Ball
3-2: Base on Balls
Pinch Hitting: RHB Mike Chester 0-0: Ball
1-0: Fly out, F8 (Flyball, 8RM, EV 83.1 MPH)
Pinch Hitting: SHB Berthold Frey 0-0: Fly out, F8 (Flyball, 8LD, EV 98.8 MPH)
Pinch Hitting: LHB Jon Frederick 0-0: 2-RUN HOME RUN (Flyball, 9D, EV 105.6 MPH), Distance : 375 ft
Batting: RHB Puluke Konane 0-0: Called Strike
0-1: Reached on error, E5 (Groundball, 56S, EV 70.0 MPH)
Batting: RHB Melvin Gomez 0-0: Fly out, F3 (Popup, 23F, EV 77.5 MPH)
Top of the 7th over - 2 runs, 1 hit, 1 error, 1 left on base; Oregon State University 6 - Stanford University 0
BOTTOM OF THE 7TH
Stanford University Cardinal batting - Pitching for Oregon State University Beavers : RHP Jonathan Rosales
Pitching: RHP Brent Wainwright
Now in CF: Berthold Frey
Now in RF: Jon Frederick
Batting: RHB Bill Moldenhauer 0-0: Called Strike
0-1: Ball
1-1: Called Strike
1-2: Ball
2-2: Fly out, F7 (Flyball, 7LS, EV 85.6 MPH)
Batting: RHB Zack DiCicco 0-0: Ball
1-0: Foul Ball, location: 2F
1-1: Called Strike
1-2: Ball
2-2: Foul Ball, location: 2F
2-2: Ball
3-2: Foul Ball, location: 2F
3-2: Ground out 6-3 (Groundball, 6, EV 87.5 MPH)
Batting: LHB Tom Raupp 0-0: Ball
1-0: Swinging Strike
1-1: Ball
2-1: Called Strike
2-2: Ball
3-2: Strikes out swinging
Bottom of the 7th over - 0 runs, 0 hits, 0 errors, 0 left on base; Oregon State University 6 - Stanford University 0
TOP OF THE 8TH
Oregon State University Beavers batting - Pitching for Stanford University Cardinal : LHP Alan George
Pinch Hitting: RHB Sal Cervantes 0-0: Ball
1-0: Reached via error on a dropped throw from 1B, E1 (Groundball, 34S, EV 91.3 MPH)
Batting: RHB Nick Cummings 0-0: Ball
1-0: Ball
2-0: Called Strike
2-1: Called Strike
2-2: Reached on error, E2 (Groundball, 2L, EV 66.9 MPH)
Sal Cervantes to third
Batting: RHB Gerardo Mesa 0-0: Ball
1-0: Ground out 6-3 (Groundball, 6, EV 106.9 MPH)
Sal Cervantes scores
Pitching: RHP Joe Rivin
Batting: LHB Aaron Mobley Pickoff Throw to Second - Out!
0-0: SINGLE (Flyball, 4MD, EV 89.4 MPH)
Batting: LHB Brent Wainwright 0-0: Fielders Choice at 2nd, 6-4 (Groundball, 6, EV 83.1 MPH)
Top of the 8th over - 1 run, 1 hit, 2 errors, 1 left on base; Oregon State University 7 - Stanford University 0
BOTTOM OF THE 8TH
Stanford University Cardinal batting - Pitching for Oregon State University Beavers : RHP Brent Wainwright
Now at 3B: Sal Cervantes
Batting: RHB Federico Naranjo 0-0: Called Strike
0-1: Called Strike
0-2: Ball
1-2: Foul Ball, location: 2F
1-2: Reached on error, E6 (Groundball, 6, EV 80.6 MPH)
Batting: RHB Bruce Ayotte 0-0: Ball
1-0: Called Strike
1-1: Swinging Strike
1-2: Ball
2-2: Strikes out swinging
Batting: SHB Jarrod Lindblad 0-0: Foul Ball, location: 2F
0-1: Foul Ball, location: 2F
0-2: Strikes out looking
Batting: RHB Matt McDevitt 0-0: Ball
1-0: Ball
2-0: Ground out 5-3 (Groundball, 5S, EV 86.9 MPH)
Bottom of the 8th over - 0 runs, 0 hits, 1 error, 1 left on base; Oregon State University 7 - Stanford University 0
TOP OF THE 9TH
Oregon State University Beavers batting - Pitching for Stanford University Cardinal : RHP Joe Rivin
Batting: SHB Berthold Frey 0-0: Called Strike
0-1: Swinging Strike
0-2: Ball
1-2: Ball
2-2: Strikes out looking
Batting: LHB Jon Frederick 0-0: Ball
1-0: Swinging Strike
1-1: Swinging Strike
1-2: Strikes out looking
Batting: RHB Puluke Konane 0-0: Called Strike
0-1: Ball
1-1: Fly out, F7 (Flyball, 7, EV 88.1 MPH)
Top of the 9th over - 0 runs, 0 hits, 0 errors, 0 left on base; Oregon State University 7 - Stanford University 0
BOTTOM OF THE 9TH
Stanford University Cardinal batting - Pitching for Oregon State University Beavers : RHP Brent Wainwright
Pinch Hitting: RHB Micah Brown 0-0: Ball
1-0: Ball
2-0: Ball
3-0: Base on Balls
Pitching: RHP David Jetton
Pinch Hitting: RHB Nick Phipps 0-0: DOUBLE (Flyball, 89D, EV 103.8 MPH)
Micah Brown to third
Pinch Hitting: RHB Joe Morales 0-0: Ground out U3 (Groundball, 3S, EV 82.5 MPH)
Pinch Hitting: RHB Sam Edwards 0-0: Ball
1-0: Called Strike
1-1: Ground out 6-3 (Groundball, 6, EV 99.4 MPH)
Micah Brown scores
Pinch Hitting: RHB Hideo Okimura 0-0: Ball
1-0: Fly out, F7 (Flyball, 7, EV 98.1 MPH)
Bottom of the 9th over - 1 run, 1 hit, 0 errors, 1 left on base; Oregon State University 7 - Stanford University 1
Wednesday, June 22nd , 2022 - OOTP Baseball 23.4 Build 64